 Dungeon Crawl Stone Soup version 0.27-a0-1184-ge86db4a01e (webtiles) character file.

Game seed: 11470486828413243091

44 bande the Skirmisher (level 3, -3/24 HPs)
             Began as a Gargoyle Fighter on May 18, 2021.
             Slain by a worm (4 damage)
             ... on level 2 of the Dungeon.
             The game lasted 00:01:54 (963 turns).

bande the Skirmisher (Gargoyle Fighter)              Turns: 963, Time: 00:01:54

Health: -3/24      AC: 10    Str: 19    XL:     3   Next: 62%
Magic:  3/3        EV:  7    Int:  8    God:
Gold:   50         SH:  9    Dex: 10    Spells: 2/2 levels left

rFire    . . .     SeeInvis .   a - +0 war axe
rCold    . . .     Faith    .   c - +0 kite shield
rNeg     + . .     Spirit   .   b - +0 scale mail
rPois    ∞         Reflect  .   (no helmet)
rElec    +         Harm     .   (no cloak)
rCorr    .         Rampage  .   (no gloves)
Will     .....                  (no boots)
Stlth    ..........             (no amulet)
HPRegen  0.08/turn              (no ring)
MPRegen  0.08/turn              (no ring)

@: no status effects
A: sickness immunity, AC +3, negative energy resistance 1, electricity
resistance, torment resistance 1, petrification resistance
a: no special abilities


You were on level 2 of the Dungeon.
You visited 1 branch of the dungeon, and saw 2 of its levels.

You collected 50 gold pieces.

Inventory:

Hand Weapons
 a - a +0 war axe (weapon)
Armour
 b - a +0 scale mail (worn)
 c - a +0 kite shield (worn)
Scrolls
 e - a scroll of enchant armour {unknown}
 h - a scroll of blinking {unknown}
 i - a scroll of amnesia {unknown}
Potions
 d - a potion of might
 f - a potion of ambrosia
 g - a potion of curing {unknown}


   Skills:
 + Level 3.9 Fighting
 + Level 2.1 Axes
 + Level 3.6 Armour
 + Level 0.1 Dodging
 + Level 3.8 Shields


You had 2 spell levels left.
You didn't know any spells.
Your spell library was empty.

Dungeon Overview and Level Annotations

Branches:
Dungeon (2/15)

Altars:


Innate Abilities, Weirdness & Mutations

You are immune to sickness and miasma.
Your stone body is resilient. (AC +3)
You are immune to poison.
You resist negative energy. (rN+)
You are resistant to electric shocks. (rElec)
You are resistant to unholy torment.
You are immune to petrification.


Message History

The adder is lightly wounded.
The adder bites you but does no damage. x2
You barely miss the adder.
The adder is lightly wounded.
The adder closely misses you. The adder bites you but does no damage.
You hit the adder but do no damage.
The adder is lightly wounded.
You hit the worm. The adder bites you but does no damage.
You block the adder's attack. The worm bites you!
You hit the adder.
The adder is heavily wounded.
You completely miss the worm. The adder bites you.
The adder bites you but does no damage. The worm bites you.
You are too injured to fight recklessly!
You are too injured to fight recklessly!
You are too injured to fight recklessly!
You are too injured to fight recklessly!
You are too injured to fight recklessly!
You are too injured to fight recklessly!
You are too injured to fight recklessly!
You are too injured to fight recklessly!
You are too injured to fight recklessly!
Unknown command.
You barely miss the adder.
The adder is heavily wounded.
You hit the worm. You block the adder's attack.
The adder bites you but does no damage. The worm bites you!
* * * LOW HITPOINT WARNING * * *
Unknown command.
Your scale mail prevents you from hitting the adder.
The adder is heavily wounded.
You barely miss the worm.
The adder bites you but does no damage. x2
The worm bites you.
* * * LOW HITPOINT WARNING * * *
The adder bites you but does no damage.
You slash the adder!
You kill the adder!
You hit the worm but do no damage. The worm barely misses you.
You barely miss the worm. The worm bites you.
You die...

............
####..>........
...............
.(............#
............(.#
..............#
...............
...............
.......@.......
.......†w.###..
######....... .
..........
...........
............
.............
..............


You could see a worm.

Vanquished Creatures
  An adder (D:2)
  2 dart slugs (D:1)
  3 endoplasms (D:1)
  2 giant cockroaches (D:1)
  7 goblins (D:1)
  3 kobolds (D:1)
  4 ball pythons (D:1)
  4 bats (D:1)
  A frilled lizard (D:1)
  5 rats
32 creatures vanquished.

Notes
Turn   | Place    | Note
-------+----------+-------------------------------------------
     0 | D:1      | bande the Gargoyle Fighter began the quest for the Orb.
     0 | D:1      | Reached XP level 1. HP: 14/14 MP: 1/1
   179 | D:1      | Reached XP level 2. HP: 19/19 MP: 2/2
   401 | D:1      | Reached XP level 3. HP: 22/24 MP: 3/3
   961 | D:2      | HP: 1/24 [worm (4)]
   963 | D:2      | Slain by a worm

Illustrated notes

Levels and vault maps discovered:
D:1:      ncdulo_halloftheorcs, layout_loops_ring, minmay_octomino_c4
D:2:      minmay_evil_eye, layout_basic, hellmonk_ecumenical_altar_zigzags

Skill      XL: |  1  2 |
---------------+-------+-----
Axes           | 2 |  2.1
Fighting       | |  3.9
Armour         | |  3.6
Dodging        | |  0.1
Shields        | |  3.8

Action                   || total
-------------------------++-------
Melee: War axe           ||    87
  Use: Scroll            ||     2
Armor: Scale mail        ||    56
Dodge: Dodged            ||    27
Block: Kite shield       ||    51

Table legend: (Time is in decaauts)
 A = Elapsed time spent in this place.
 B = Non-inter-level travel time spent in this place.
 C = Inter-level travel time spent in this place.
 D = Time resting spent in this place.
 E = Time spent auto-exploring this place.
 F = Levels seen in this place.
 G = Mean time per level.
                   A        B        C        D        E       F      G
               +--------+--------+--------+--------+--------+-----+--------+
         Total |   1017 |   1017 |      0 |      0 |    780 |   2 |  508.5 |
       Dungeon |   1017 |   1017 |      0 |      0 |    780 |   2 |  508.5 |
               +--------+--------+--------+--------+--------+-----+--------+

Top non-repeatable levels by time:
     D:1: 999 daAuts
     D:2: 17 daAuts
